 Dungeon Crawl Stone Soup version 0.32-a0-799-g95e1662365 (webtiles) character file.

Game seed: 5986290269816839435

337 dialectric the Trooper (level 6, -8/48 HPs)
             Began as a Demonspawn Fighter on Mar 21, 2024.
             Mangled by a crocodile (11 damage)
             ... in a sewer.
             The game lasted 00:02:35 (2283 turns).

dialectric the Trooper (Demonspawn Fighter)         Turns: 2283, Time: 00:02:35

Health: -8/48      AC: 11    Str: 18    XL:     6   Next: 28%
Magic:  0/6        EV: 14    Int:  8    God:
Gold:   171        SH:  4    Dex: 13    Spells: 3/5 levels left

rFire   . . .        a - +0 trident
rCold   . . .        (no shield)
rNeg    . . .        b - +0 scale mail
rPois   +            (helmet restricted)
rElec   .            (no cloak)
rCorr   .            (no gloves)
SInv    .            (no boots)
Will    .....        h - amulet of guardian spirit Stlth
                     g - +5 ring of evasion
HPRegen 0.28/turn    i - ring of poison resistance
MPRegen 0.10/turn

%: guardian spirit
@: no status effects
A: horns 1, icemail 1, condensation shield, demonic magic 1
a: no special abilities


You were in a sewer.
You visited 1 branch of the dungeon, and saw 4 of its levels.
You also visited: Sewer.

You collected 171 gold pieces.

Inventory:

Hand Weapons
 a - a +0 trident (weapon)
Missiles
 f - 4 atropa-tipped darts
 j - 7 poisoned darts (quivered)
Armour
 b - a +0 scale mail (worn)
 c - a +0 buckler
Jewellery
 g - a +5 ring of evasion (left hand)
 h - an amulet of guardian spirit (around neck)
 i - a ring of poison resistance (right hand)
Scrolls
 e - a scroll of immolation {unknown}
 k - a scroll of vulnerability {unknown}
 m - a scroll of identify
 n - a scroll of teleportation {unknown}
Potions
 d - a potion of might
 l - a potion of degeneration
 o - 2 potions of heal wounds {unknown}
 p - a potion of curing {unknown}
 q - a potion of brilliance {unknown}


   Skills:
 - Level 4.1 Fighting
 + Level 3.1 Polearms
 + Level 3.7 Armour
 * Level 2.1 Dodging
 + Level 3.8 Shields


You had 3 spell levels left.
You knew the following spells:

 Your Spells              Type           Power      Damage    Failure   Level
a - Ensorcelled Hibernat  Hex/Ice        0%         N/A       90%         2

Your spell library contained the following spells:

 Spells                   Type           Power      Damage    Failure   Level
 Apportation              Tloc           0%         N/A       80%         1
 Jinxbite                 Hex            0%         N/A       90%         2
 Fugue of the Fallen      Necr           0%         N/A       99%         3
 Passwall                 Erth           0%         N/A       99%         3
 Swiftness                Air            0%         N/A       99%         3
 Anguish                  Hex/Necr       0%         N/A       100%        4
 Alistair's Intoxication  Alch           0%         N/A       100%        5


Dungeon Overview and Level Annotations

Branches:
Dungeon (4/15)              Sewer (1/1)
 Temple: D:4-7

Altars:
Sif Muna


Innate Abilities, Weirdness & Mutations

You have a pair of small horns on your head.
A meltable icy envelope protects you from harm. (AC +4)
A meltable shield of frost defends you. (SH +4)
Spells you cast may paralyse adjacent enemies.


Message History

The crocodile barely misses you.
Throw: 8 darts (poison)
Press: ? - help, Q - select action, (/) - cycle Shift-Dir - straight line, f - crocodile
Aim: a crocodile (lightly wounded, 47% to hit)
You throw a poisoned dart. The poisoned dart misses the crocodile.
You hear a splash.
The crocodile bites you. The crocodile drags you backwards!
Splash!
Found a runed falchion.
You closely miss the crocodile.
The crocodile is lightly wounded.
The crocodile closely misses you.
The crocodile attacks as it pursues you!
The crocodile barely misses you. The crocodile bites you!
The crocodile drags you backwards!
Splash!
The crocodile bites you but does no damage.
Unknown command.
Unknown command.
You completely miss the crocodile.
You headbutt the crocodile, but do no damage.
The crocodile is lightly wounded.
The crocodile bites you. The crocodile drags you backwards!
You miss the crocodile.
The crocodile is lightly wounded.
The crocodile closely misses you. The crocodile completely misses you.
You barely miss the crocodile. You headbutt the crocodile.
The crocodile is lightly wounded.
The crocodile bites you! The crocodile drags you backwards!
Splash!
Unknown command.
The crocodile attacks as it pursues you!
The crocodile bites you!
* * * LOW HITPOINT WARNING * * *
The crocodile drags you backwards!
Splash!
The crocodile bites you!
* * * LOW HITPOINT WARNING * * *
Found 15 gold pieces.
The crocodile bites you!
You die...

###### ###
##.~..~.## #?)
###..........###
#$.##....~# #~.~~.#
###~.~.~# #~~..
#.~@~..## ##~~~
###l~..~### ###~...
#$.##~...~####~~.~.#
#)$ ###..~..~~.~.###
### ###.~....###
########


You could see a crocodile.

Vanquished Creatures
  A bullfrog (D:3)
  A scorpion (D:3)
  A bombardier beetle (D:3)
  Natasha (thrice) (D:2)
  2 adders (D:4)
  2 dart slugs
  4 orcs (D:3)
  7 ball pythons
  8 endoplasms
  4 giant cockroaches
  6 hobgoblins
  6 jackals
  7 kobolds
  A quokka (D:1)
  8 bats
  4 frilled lizards
  10 goblins
  3 rats
78 creatures vanquished.

Notes
Turn   | Place    | Note
-------+----------+-------------------------------------------
     0 | D:1      | dialectric the Demonspawn Fighter began the quest for the
                  | Orb.
     0 | D:1      | Reached XP level 1. HP: 18/18 MP: 1/1
   169 | D:1      | Gained mutation: A meltable shield of frost defends you.
                  | (SH +4) [demonic ancestry]
   169 | D:1      | Reached XP level 2. HP: 24/24 MP: 2/2
   501 | D:1      | Gained mutation: A meltable icy envelope protects you from
                  | harm. (AC +4) [demonic ancestry]
   501 | D:1      | Reached XP level 3. HP: 29/29 MP: 3/3
  1079 | D:2      | Noticed Natasha
  1090 | D:2      | Killed Natasha
  1091 | D:2      | Gained mutation: You have a pair of small horns on your
                  | head. [demonic ancestry]
  1091 | D:2      | Reached XP level 4. HP: 19/35 MP: 1/4
  1232 | D:2      | Noticed Natasha
  1239 | D:2      | Killed Natasha
  1240 | D:2      | Reached skill level 1 in Dodging
  1296 | D:2      | Noticed Natasha
  1311 | D:2      | Killed Natasha
  1539 | D:3      | Noticed a bullfrog
  1549 | D:3      | Killed a bullfrog
  1550 | D:3      | Gained mutation: Spells you cast may paralyse adjacent
                  | enemies. [demonic ancestry]
  1550 | D:3      | Reached XP level 5. HP: 37/42 MP: 5/5
  1708 | D:3      | Learned a level 2 spell: Ensorcelled Hibernation
  1748 | D:3      | Reached skill level 4 in Fighting
  1748 | D:3      | Reached XP level 6. HP: 46/48 MP: 6/6
  1826 | D:3      | Found a shimmering blue altar of Sif Muna.
  2152 | D:4      | Found a glowing drain.
  2195 | Sewer    | Entered a sewer
  2283 | Sewer    | Mangled by a crocodile

Illustrated notes

Levels and vault maps discovered:
D:1:      amcnicky_arrival_single_pillar, layout_basic, corexii_hall_statues_l
D:2:      layout_rooms, corexii_shack, uniq_natasha
D:3:      layout_loops_ring, lemuel_doored_altar
D:4:      layout_loops_ring, lemuel_coloured_pillars_altar,
          gup_sewer_entry_glass
Sewer:    sewer_the_crocodile

Skill      XL: |  1  2  3  4  5  6 |
---------------+-------------------+-----
Polearms       | 2 3 |  3.1
Armour         | 3 |  3.7
Shields        | 3 |  3.8
Dodging        | 1 2 |  2.1
Fighting       | 4 |  4.1

Action                     |  1- 3 |  4- 6 || total
---------------------------+-------+-------++-------
  Melee: Trident           |   116 |   138 ||   254
         Headbutt          |       |    16 ||    16
  Throw: Dart              |       |     1 ||     1
    Use: Scroll            |       |     1 ||     1
 Armour: Scale mail        |    52 |    69 ||   121
  Dodge: Dodged            |    54 |    88 ||   142
  Block: Other             |    19 |    19 ||    38

Table legend: (Time is in decaauts)
 A = Elapsed time spent in this place.
 B = Non-inter-level travel time spent in this place.
 C = Inter-level travel time spent in this place.
 D = Time resting spent in this place.
 E = Time spent auto-exploring this place.
 F = Levels seen in this place.
 G = Mean time per level.
                   A        B        C        D        E       F      G
               +--------+--------+--------+--------+--------+-----+--------+
         Total |   2342 |   2220 |    122 |      0 |   1669 |   5 |  468.4 |
       Dungeon |   2243 |   2121 |    122 |      0 |   1616 |   4 |  560.8 |
         Sewer |     99 |     99 |      0 |      0 |     52 |   1 |   99.0 |
               +--------+--------+--------+--------+--------+-----+--------+

Top non-repeatable levels by time:
     D:1: 904 daAuts
     D:3: 691 daAuts
     D:2: 599 daAuts
   Sewer: 99 daAuts
     D:4: 48 daAuts
